 Dungeon Crawl Stone Soup version 0.19-a0-1008-g4c63d25 (webtiles) character file.

45 4thArraOfDagon the Shield-Bearer (level 3, 0/30 HPs)
             Began as a Formicid Fighter on July 23, 2016.
             Was a Follower of Uskayaw.
             Succumbed to an adder's poison
             ... on level 4 of the Dungeon.
             The game lasted 00:01:25 (157 turns).

4thArraOfDagon the Shield-Bearer (Formicid Fighter)  Turns: 157, Time: 00:01:25

Health: 0/30       AC:  6    Str: 20    XL:     3   Next: 90%
Magic:  3/3        EV:  8    Int:  8    God:    Uskayaw [*.....]
Gold:   17         SH:  9    Dex: 10    Spells: 0 memorised, 2 levels left

rFire  . . .     SeeInvis +     a - +1 war axe
rCold  . . .     Gourm    .     b - +0 scale mail
rNeg   . . .     Faith    .     c - +0 shield
rPois  .         Spirit   .     (helmet unavailable)
rElec  .         Dismiss  .     (no cloak)
rCorr  .         Reflect  .     (no gloves)
SustAt .         Harm     .     (no boots)
MR     .....                    (no amulet)
Stlth  ..........               (no ring)
                                (no ring)

@: lethally poisoned (0 -> -2), not resistant to hostile enchantments, extremely
unstealthy
A: permanent stasis, dig shafts and tunnels, four strong arms, antennae 3
a: Dig, Shaft Self, Stomp, Renounce Religion


You were on level 4 of the Dungeon.
You worshipped Uskayaw.
Uskayaw was noncommittal.
You were not hungry.

You visited 1 branch of the dungeon, and saw 5 of its levels.

You collected 17 gold pieces.

Inventory:

Hand Weapons
 a - a +1 war axe (weapon)
Armour
 b - a +0 scale mail (worn)
 c - a +0 shield (worn)
Scrolls
 e - a scroll of teleportation {unknown}
Comestibles
 f - 4 bread rations


   Skills:
 + Level 3.8 Fighting
 * Level 2.8 Axes
 + Level 3.5 Armour
 + Level 4.0 Shields
 * Level 0.2 Invocations


You had 2 spell levels left.
You didn't know any spells.

Dungeon Overview and Level Annotations

Branches:
Dungeon (5/15)
 Temple: D:4-7

Altars:
Uskayaw

Annotations:
D:3 Grinder


Innate Abilities, Weirdness & Mutations

You are under a permanent stasis effect.
You can dig through walls and to a lower floor.
Your four strong arms can wield two-handed weapons with a shield.
You have a pair of large antennae on your head. (SInv)


Message History

Unknown command.
You climb upwards.
Found a scroll labeled TICZAM GAPN and 12 gold pieces.
There is a stone staircase leading down here.
Unknown command.
You aren't carrying any potions.
As you read the scroll labeled ONNEOMYPLEQ, it crumbles to dust.
It is a scroll of enchant weapon.
Enchant which weapon? (? for menu, Esc to quit)
Your +0 war axe glows red for a moment.
* * * LOW HITPOINT WARNING * * *
You feel sick.
You open the door.
You can no longer pass through a line of other dancers.
Unknown command.
Found an escape hatch in the ceiling.
There is an open door here.
Unknown command.
Unknown command.
You die...

###########
#....#....#
#..>.#....#
#....#....#
#.?..'....#
#$...#....#
#....#@...#
###+##....#
#....#
.....#
.<...#
......#
......#
.......#


There were no monsters in sight!

Vanquished Creatures
  3 adders
  An ooze (D:2)
  A worm (D:2)
  An orc (D:3)
  2 giant cockroaches
  A goblin (D:2)
  A hobgoblin (D:3)
  A kobold (D:2)
  A rat (D:3)
12 creatures vanquished.

Notes
Turn   | Place    | Note
-------+----------+-------------------------------------------
     0 | D:1      | 4thArraOfDagon the Formicid Fighter began the quest for the Orb.
     0 | D:1      | Reached XP level 1. HP: 18/18 MP: 1/1
     3 | D:1      | You fall through a shaft!
    11 | D:2      | You fall through a shaft for 2 floors!
    23 | D:3      | Found a hide-covered altar of Uskayaw.
    40 | D:3      | Reached XP level 2. HP: 20/24 MP: 2/2
    43 | D:3      | Noticed a dagger
    45 | D:3      | Noticed a hand axe
    48 | D:3      | Became a worshipper of Uskayaw the Reveler
    65 | D:2      | Reached * piety under Uskayaw
    67 | D:2      | Reached ** piety under Uskayaw
    68 | D:2      | Reached XP level 3. HP: 20/29 MP: 3/3
    68 | D:2      | Reached *** piety under Uskayaw
   110 | D:3      | Noticed Grinder
   143 | D:3      | Reached skill level 4 in Shields
   147 | D:3      | You fall through a shaft for 2 floors!
   147 | D:5      | Entered Level 5 of the Dungeon
   149 | D:5      | HP: 1/30 [poisoned by an adder]
   157 | D:4      | Succumbed to an adder's poison

Vault maps used:
D:1:      dpeg_arrival_rooms_with_view
D:2:      fedhas_altar_fruit_tree, item_on_display_a, uniq_sigmund
D:3:      dancing_weapons_uskayaw, nicolae_qazlal_general_emergency,
          first_bread, minmay_guardbox, uniq_grinder, uniq_robin, uniq_jessica
D:4:      minmay_misc_feat_four_crosses
D:5:      black_bear_nest_1, old_standard_altar

Skill      XL: |  1  2  3 |
---------------+----------+-----
Shields        | 4 |  4.0
Fighting       | |  3.8
Axes           | |  2.8
Armour         | |  3.5
Invocations    | |  0.2

Action                   || total
-------------------------++-------
Melee: War axe           ||    23
 Abil: Shaft Self        ||     3
       Dig               ||     1
  Use: Potion            ||     1
       Scroll            ||     1
 Stab: Paralysed         ||     1
Armor: Scale mail        ||     9
Dodge: Dodged            ||     3
Block: Shield            ||     8
